 Dungeon Crawl Stone Soup version 0.31.0-4-g52a2dc7128 (webtiles) character file.

Game seed: 16891869445731339697

44 GordonOverkill the Cutter (level 3, 0/8 (23) HPs)
             Began as a Kobold Reaver on Jan 23, 2024.
             Succumbed to a kobold's poison
             ... on level 2 of the Dungeon.
             The game lasted 00:02:35 (1833 turns).

GordonOverkill the Cutter (Kobold Reaver)           Turns: 1833, Time: 00:02:36

HP:   0/8 (23)      AC:  3    Str:  9    XL:     3   Next: 87%
MP:   5/7           EV: 14    Int: 16    God:
Gold: 70            SH:  0    Dex: 13    Spells: 7/8 levels left

rFire   . . .        a - +0 short sword
rCold   . . .        (no shield)
rNeg    . . .        b - +0 leather armour
rPois   .            (no helmet)
rElec   .            (no cloak)
rCorr   .            (no gloves)
SInv    .            (no boots)
Will    +....        (no amulet)
Stlth   ++           (no ring)
HPRegen 0.21/turn    (no ring)
MPRegen 0.10/turn

%: no passive effects
@: brilliant, lethally poisoned (0 -> -5), enlightened, flying, very slightly
contaminated, extremely drained
A: small, no large weapons, nightstalker 3
a: no special abilities


You were on level 2 of the Dungeon.
You visited 1 branch of the dungeon, and saw 2 of its levels.

You collected 70 gold pieces.

Inventory:

Hand Weapons
 a - a +0 short sword (weapon)
Armour
 b - a +0 leather armour (worn)
Wands
 o - a wand of acid (8)
Scrolls
 c - 3 scrolls of poison {unknown}
 d - a scroll of blinking {unknown}
 e - a scroll of teleportation {unknown}
 g - a scroll of identify {unknown}
 h - a scroll of vulnerability {unknown}
 j - a scroll of brand weapon {unknown}
 k - a scroll of enchant weapon {unknown}
 l - a scroll of silence {unknown}
Potions
 m - a potion of berserk rage {unknown}
 n - a potion of ambrosia {unknown}


   Skills:
 - Level 3.0 Fighting
 - Level 4.0 Short Blades
 - Level 2.4 Dodging
 - Level 3.0 Spellcasting
 - Level 3.0 Conjurations
 + Level 1.5 Summonings
 - Level 0.2 Ice Magic


You had 7 spell levels left.
You knew the following spells:

 Your Spells              Type           Power      Damage    Failure   Level
a - Kiss of Death         Conj/Necr      40%        2d8       14%         1

Your spell library contained the following spells:

 Spells                   Type           Power      Damage    Failure   Level
 Magic Dart               Conj           72%        1d6       8%          1
 Searing Ray              Conj           36%        2d5       12%         2
 Momentum Strike          Conj/Tloc      20%        3d8       22%         2
 Hailstorm                Conj/Ice       11%        3d6       38%         3
 Summon Ice Beast         Ice/Summ       7%         N/A       50%         3
 Tukima's Dance           Hex            3%         N/A       61%         3
 Fulminant Prism          Conj/Alch      5%         3d7       80%         4
 Passage of Golubria      Tloc           3%         N/A       95%         4
 Summon Mana Viper        Hex/Summ       7%         N/A       99%         5
 Yara's Violent Unravell  Hex/Alch       1%         3d3       100%        5
 Monstrous Menagerie      Summ           5%         N/A       100%        7


Dungeon Overview and Level Annotations

Branches:
Dungeon (2/15)

Altars:


Innate Abilities, Weirdness & Mutations

You are small and have problems with some larger weapons.
You are completely attuned to the shadows.


Message History

A kobold is nearby!
A kobold is nearby!
The kobold shouts!
You hear an angry hiss.
A frilled lizard comes into view.
The kobold hits you with a +0 whip of venom.
* * * LOW HITPOINT WARNING * * *
You are lethally poisoned!
You are too injured to fight recklessly!
You are too injured to fight recklessly!
Casting: Kiss of Death (safe; 14% risk of failure)
Confirm with . or Enter, or press ? or * to list all spells.
Aiming: Kiss of Death (safe; 14% risk of failure)
Press: ? - help, Shift-Dir - straight line, f - kobold
Aim: a kobold, wielding a +0 whip of venom (100% to hit)
You miscast Kiss of Death.
You are very lightly contaminated with residual magic.
Nothing appears to happen.
The frilled lizard hisses angrily.
* * * LOW HITPOINT WARNING * * *
You feel very sick. The kobold closely misses you.
Casting: Kiss of Death (safe; 14% risk of failure)
Confirm with . or Enter, or press ? or * to list all spells.
Aiming: Kiss of Death (safe; 14% risk of failure)
Press: ? - help, Shift-Dir - straight line, f/p - kobold
Aim: a kobold, wielding a +0 whip of venom (100% to hit)
The negative energy hits the kobold!
The kobold is drained!
You kill the kobold!
You feel drained.
* * * LOW HITPOINT WARNING * * *
You feel sick.
It was a potion of enlightenment.
You feel very buoyant.
You fly up into the air.
* * * LOW HITPOINT WARNING * * *
You feel sick.
The frilled lizard bites you but does no damage.
It was a potion of brilliance.
You feel clever all of a sudden.
You die...

######## ###......###
............ ....................
...................
....##.........### ###
#l...#.........# #
...##@...#.........###
.............+............
#............##........###
#......................... ...
#.........................
....###........................[
....................#...........
.....................#...........
.........#####...................


You could see a frilled lizard.

Vanquished Creatures
  An adder (D:2)
  2 dart slugs (D:1)
  A ribbon worm (D:2)
  4 endoplasms (D:1)
  2 giant cockroaches (D:1)
  2 goblins
  4 hobgoblins
  2 jackals (D:1)
  A bat (D:1)
  A frilled lizard (D:1)
  4 kobolds
  3 rats (D:1)
27 creatures vanquished.

Notes
Turn   | Place    | Note
-------+----------+-------------------------------------------
     0 | D:1      | GordonOverkill the Kobold Reaver began the quest for the
                  | Orb.
     0 | D:1      | Reached XP level 1. HP: 12/12 MP: 3/3
    96 | D:1      | Reached XP level 2. HP: 3/19 MP: 5/5
   505 | D:1      | Reached XP level 3. HP: 22/23 MP: 7/7
  1675 | D:1      | Reached skill level 1 in Summonings
  1833 | D:2      | Succumbed to a kobold's poison

Illustrated notes

Levels and vault maps discovered:
D:1:      psy_arrival_conway, layout_loops_ring, serial_glass, glass_columns_b,
          glass_columns_a, glass_columns_a
D:2:      layout_basic, serial_bayou_crossing, uniq_terence

Skill      XL: |  1  2  3 |
---------------+----------+-----
Fighting       | 3 |  3.0
Spellcasting   | 3 |  3.0
Summonings     | 1 |  1.5
Short Blades   | |  4.0
Dodging        | |  2.4
Conjurations   | |  3.0
Ice Magic      | |  0.2

Action                     || total
---------------------------++-------
  Melee: Short sword       ||   151
         Punch             ||     1
   Cast: Kiss of Death     ||     4
    Use: Potion            ||     3
   Stab: Sleeping          ||     1
 Armour: Leather armour    ||    65
  Dodge: Dodged            ||    78
